TOP OF THE 1ST |
Salem Sledgehammers batting - Pitching for Jasper Cougars : LHP Millard Curtis
|
Pitching: LHP Millard Curtis
|
|
Batting: RHB William Richardson
|
0-0: Ball 1-0: Ball 2-0: Called Strike 2-1: Foul Ball, location: 2F 2-2: Ball 3-2: Base on Balls
|
Batting: LHB José Rivera
|
0-0: Ball 1-0: Grounds out, U3 (Groundball, 3L)
|
Batting: RHB Brandon Pope
|
0-0: Ground out 5-3 (Groundball, 56)
|
Batting: RHB Norm Francis
|
0-0: Called Strike 0-1: Swinging Strike 0-2: Ball 1-2: Strikes out swinging
|
Top of the 1st over - 0 run(s), 0 hit(s), 0 error(s), 1 left on base; Salem 0 - Jasper 0 |
BOTTOM OF THE 1ST |
Jasper Cougars batting - Pitching for Salem Sledgehammers : LHP Don Sutherland
|
Pitching: LHP Don Sutherland
|
|
Batting: LHB Enrique Valentín
|
0-0: Ball 1-0: Ball 2-0: Ball 3-0: Base on Balls
|
Batting: RHB Manuel Pérez
|
0-0: Ball 1-0: Ball 2-0: Called Strike 2-1: Fly out, F8 (Popup, 8LS)
|
Batting: RHB Earl Wiggins
|
0-0: Ball 1-0: Swinging Strike 1-1: Foul Ball, location: 2F 1-2: Strikes out swinging
|
Batting: RHB Jesús Hernández
|
0-0: Called Strike 0-1: Ball 1-1: Fly out, F9 (Flyball, 89M)
|
Bottom of the 1st over - 0 run(s), 0 hit(s), 0 error(s), 1 left on base; Salem 0 - Jasper 0 |
TOP OF THE 2ND |
Salem Sledgehammers batting - Pitching for Jasper Cougars : LHP Millard Curtis
|
Batting: SHB Pepe Piña
|
0-0: Called Strike 0-1: Ball 1-1: Swinging Strike 1-2: Ball 2-2: Foul Ball, location: 2F 2-2: Foul Ball, location: 2F 2-2: Hit by Pitch
|
Batting: RHB Dale Reeves
|
0-0: SINGLE (Groundball, 4M) Pepe Piña to second
|
Batting: SHB Lee Townsend
|
0-0: Swinging Strike 0-1: Swinging Strike 0-2: Ball 1-2: Foul Ball, location: 2F 1-2: Fly out, F8 (Flyball, 78M)
|
Batting: RHB Ryan Cates
|
0-0: Swinging Strike 0-1: Ball 1-1: Foul Ball, location: 2F 1-2: Strikes out swinging
|
Batting: RHB Fernando Pérez
|
0-0: Ball 1-0: SINGLE (Line Drive, 78S) Pepe Piña to third Dale Reeves to second Runner from 3rd tries for Home, SAFE, no throw or cutoff
|
Batting: RHB William Richardson
|
0-0: Ball 1-0: Called Strike 1-1: Foul Ball, location: 2F 1-2: Ball 2-2: Ball 3-2: Ground out 4-3 (Groundball, 4)
|
Top of the 2nd over - 1 run(s), 2 hit(s), 0 error(s), 2 left on base; Salem 1 - Jasper 0 |
BOTTOM OF THE 2ND |
Jasper Cougars batting - Pitching for Salem Sledgehammers : LHP Don Sutherland
|
Batting: SHB Ron Edwards
|
0-0: Ball 1-0: SINGLE (Groundball, 56D)
|
Batting: RHB Dave Parker
|
0-0: Called Strike 0-1: SINGLE (Line Drive, 4M) Ron Edwards to second
|
Batting: RHB Dan Hooper
|
0-0: Ball 1-0: Foul Ball, location: 2F 1-1: Foul Ball, location: 2F 1-2: Ball 2-2: 3-RUN HOME RUN (Line Drive, 7D), Distance : 368 ft
|
Batting: RHB Juan Carlos
|
0-0: Ball 1-0: Fly out, F7 (Flyball, 78S)
|
Batting: RHB Greg King
|
0-0: Ground out 6-3 (Groundball, 6M)
|
Batting: LHB Enrique Valentín
|
0-0: Foul Ball, location: 2F 0-1: Ball 1-1: Ground out 6-3 (Groundball, 6M)
|
Bottom of the 2nd over - 3 run(s), 3 hit(s), 0 error(s), 0 left on base; Salem 1 - Jasper 3 |
TOP OF THE 3RD |
Salem Sledgehammers batting - Pitching for Jasper Cougars : LHP Millard Curtis
|
Batting: LHB José Rivera
|
0-0: Ball 1-0: Ball 2-0: Called Strike 2-1: Ground out 4-3 (Groundball, 4)
|
Batting: RHB Brandon Pope
|
0-0: Ball 1-0: Foul Ball, location: 2F 1-1: Swinging Strike 1-2: SINGLE (Line Drive, 6D)
|
Batting: RHB Norm Francis
|
0-0: Called Strike 0-1: Ball 1-1: Called Strike 1-2: SINGLE (Groundball, 6M) Brandon Pope to second
|
Batting: SHB Pepe Piña
|
0-0: Ball 1-0: Swinging Strike 1-1: Ball 2-1: Grounds into double play, 6-4-3 (Groundball, 56)
|
Top of the 3rd over - 0 run(s), 2 hit(s), 0 error(s), 1 left on base; Salem 1 - Jasper 3 |
BOTTOM OF THE 3RD |
Jasper Cougars batting - Pitching for Salem Sledgehammers : LHP Don Sutherland
|
Batting: RHB Manuel Pérez
|
0-0: Ball 1-0: Foul Ball, location: 2F 1-1: Foul Ball, location: 2F 1-2: Strikes out swinging
|
Batting: RHB Earl Wiggins
|
0-0: Called Strike 0-1: Ball 1-1: Ball 2-1: Ball 3-1: Base on Balls
|
Batting: RHB Jesús Hernández
|
0-0: Ball 1-0: Grounds into double play, 4-6-3 (Groundball, 4)
|
Bottom of the 3rd over - 0 run(s), 0 hit(s), 0 error(s), 0 left on base; Salem 1 - Jasper 3 |
TOP OF THE 4TH |
Salem Sledgehammers batting - Pitching for Jasper Cougars : LHP Millard Curtis
|
Batting: RHB Dale Reeves
|
0-0: Ball 1-0: TRIPLE (Line Drive, 89M)
|
Batting: SHB Lee Townsend
|
0-0: Ball 1-0: Fly out, F8 (Flyball, 8RXD) Runner from 3rd tags up, SCORES, no throw
|
Batting: RHB Ryan Cates
|
0-0: SINGLE (Groundball, 6MD) (infield hit)
|
Batting: RHB Fernando Pérez
|
0-0: Fly out, F9 (Flyball, 89M)
|
Batting: RHB William Richardson
|
0-0: Ball Ryan Cates steals 2nd base 1-0: Called Strike 1-1: Ball 2-1: Fly out, F9 (Flyball, 89M)
|
Top of the 4th over - 1 run(s), 2 hit(s), 0 error(s), 1 left on base; Salem 2 - Jasper 3 |
BOTTOM OF THE 4TH |
Jasper Cougars batting - Pitching for Salem Sledgehammers : LHP Don Sutherland
|
Batting: SHB Ron Edwards
|
0-0: Called Strike 0-1: Swinging Strike 0-2: Foul Ball, location: 2F 0-2: Ball 1-2: Strikes out swinging
|
Batting: RHB Dave Parker
|
0-0: Called Strike 0-1: Ball 1-1: Swinging Strike 1-2: SOLO HOME RUN (Flyball, 78XD), Distance : 403 ft
|
Batting: RHB Dan Hooper
|
0-0: Ball 1-0: Ball 2-0: Fly out, F8 (Flyball, 8RS)
|
Batting: RHB Juan Carlos
|
0-0: Fly out, F7 (Flyball, 7LM)
|
Bottom of the 4th over - 1 run(s), 1 hit(s), 0 error(s), 0 left on base; Salem 2 - Jasper 4 |
TOP OF THE 5TH |
Salem Sledgehammers batting - Pitching for Jasper Cougars : LHP Millard Curtis
|
Batting: LHB José Rivera
|
0-0: Ball 1-0: Swinging Strike 1-1: Called Strike 1-2: Strikes out looking
|
Batting: RHB Brandon Pope
|
0-0: Hit by Pitch
|
Batting: RHB Norm Francis
|
0-0: Ball 1-0: Grounds into double play, 6-4-3 (Groundball, 6D)
|
Top of the 5th over - 0 run(s), 0 hit(s), 0 error(s), 0 left on base; Salem 2 - Jasper 4 |
BOTTOM OF THE 5TH |
Jasper Cougars batting - Pitching for Salem Sledgehammers : LHP Don Sutherland
|
Batting: RHB Greg King
|
0-0: Ground out 6-3 (Groundball, 6)
|
Batting: LHB Enrique Valentín
|
0-0: Swinging Strike 0-1: SINGLE (Line Drive, 4M)
|
Batting: RHB Manuel Pérez
|
0-0: Ball 1-0: Ball 2-0: Foul Ball, location: 2F 2-1: Foul Ball, location: 2F 2-2: Ball 3-2: Foul Ball, location: 2F 3-2: SINGLE (Groundball, 4M) Enrique Valentín to second
|
Batting: RHB Earl Wiggins
|
0-0: Fielders Choice at 2nd, 6-4 (Groundball, 6M) Enrique Valentín to third
|
Batting: RHB Jesús Hernández
|
0-0: Ground out 1-3 (Groundball, 25)
|
Bottom of the 5th over - 0 run(s), 2 hit(s), 0 error(s), 2 left on base; Salem 2 - Jasper 4 |
TOP OF THE 6TH |
Salem Sledgehammers batting - Pitching for Jasper Cougars : LHP Millard Curtis
|
Batting: SHB Pepe Piña
|
0-0: Ball 1-0: DOUBLE (Flyball, 78XD)
|
Batting: RHB Dale Reeves
|
0-0: Ball 1-0: Ground out 4-3 (Groundball, 4M) Pepe Piña to third
|
Batting: SHB Lee Townsend
|
0-0: Ground out 4-3 (Groundball, 34) Pepe Piña scores
|
Batting: RHB Ryan Cates
|
0-0: SOLO HOME RUN (Flyball, 7LD), Distance : 322 ft
|
Batting: RHB Fernando Pérez
|
0-0: Called Strike 0-1: Ball 1-1: Foul Ball, location: 2F 1-2: Ball 2-2: Foul Ball, location: 2F 2-2: Foul Ball, location: 2F 2-2: Ball 3-2: Strikes out looking
|
Top of the 6th over - 2 run(s), 2 hit(s), 0 error(s), 0 left on base; Salem 4 - Jasper 4 |
BOTTOM OF THE 6TH |
Jasper Cougars batting - Pitching for Salem Sledgehammers : LHP Don Sutherland
|
Batting: SHB Ron Edwards
|
0-0: Ball 1-0: Foul Ball, location: 2F 1-1: Ball 2-1: Called Strike 2-2: Strikes out swinging
|
Batting: RHB Dave Parker
|
0-0: Ball 1-0: Called Strike 1-1: Ground out 1-3 (Groundball, 23)
|
Batting: RHB Dan Hooper
|
0-0: Ground out 5-3 (Groundball, 56S)
|
Bottom of the 6th over - 0 run(s), 0 hit(s), 0 error(s), 0 left on base; Salem 4 - Jasper 4 |
TOP OF THE 7TH |
Salem Sledgehammers batting - Pitching for Jasper Cougars : LHP Millard Curtis
|
Pitching: RHP Aaron Green
|
|
Batting: RHB William Richardson
|
0-0: SINGLE (Flyball, 9LM)
|
Batting: LHB José Rivera
|
0-0: Ball William Richardson is caught stealing 2nd base 1-0: Ball 2-0: Ball 3-0: Foul Ball, location: 2F 3-1: Foul Ball, location: 2F 3-2: Foul Ball, location: 2F 3-2: Foul Ball, location: 2F 3-2: Base on Balls
|
Batting: RHB Brandon Pope
|
0-0: Foul Ball, location: 2F 0-1: Ground out 5-3 (Groundball, 15S) José Rivera to second
|
Pinch Hitting: RHB Earnest Finnegan
|
0-0: Ball Wild Pitch! José Rivera to third 1-0: Swinging Strike 1-1: Swinging Strike 1-2: Ball 2-2: Ball 3-2: Base on Balls
|
Batting: SHB Pepe Piña
|
0-0: Ball 1-0: Ground out 6-3 (Groundball, 6)
|
Top of the 7th over - 0 run(s), 1 hit(s), 0 error(s), 2 left on base; Salem 4 - Jasper 4 |
BOTTOM OF THE 7TH |
Jasper Cougars batting - Pitching for Salem Sledgehammers : LHP Don Sutherland
|
Now at 2B: Brent Alonzo
|
|
Pinch Hitting: RHB Juan Vázquez
|
0-0: Foul Ball, location: 2F 0-1: Foul Ball, location: 2F 0-2: Ball 1-2: Foul Ball, location: 2F 1-2: Foul Ball, location: 2F 1-2: Ball 2-2: Ball 3-2: Base on Balls
|
Pitching: RHP Roberto Moreno
|
|
Pinch Hitting: RHB Domingo Matos
|
0-0: Ball 1-0: Grounds into double play, 6-4-3 (Groundball, 6M)
|
Batting: LHB Enrique Valentín
|
0-0: Called Strike 0-1: Ball 1-1: Called Strike 1-2: Ball 2-2: Ball 3-2: Strikes out swinging
|
Bottom of the 7th over - 0 run(s), 0 hit(s), 0 error(s), 0 left on base; Salem 4 - Jasper 4 |
TOP OF THE 8TH |
Salem Sledgehammers batting - Pitching for Jasper Cougars : RHP Aaron Green
|
Now at 2B: Juan Vázquez
|
|
Now at SS: Domingo Matos
|
|
Pinch Hitting: RHB Benjamin Lawson
|
0-0: Ball 1-0: Foul Ball, location: 2F 1-1: Ball 2-1: Foul Ball, location: 2F 2-2: Ball 3-2: Foul Ball, location: 2F 3-2: DOUBLE (Line Drive, 8RXD)
|
Batting: SHB Lee Townsend
|
0-0: Intentional Walk
|
Batting: RHB Ryan Cates
|
0-0: Ball 1-0: Fly out, F8 (Flyball, 8LM)
|
Batting: RHB Fernando Pérez
|
0-0: Ball 1-0: Ball 2-0: Called Strike 2-1: Sac Bunt - play at first, batter OUT! 1-4 Benjamin Lawson to third Lee Townsend to second
|
Batting: RHB William Richardson
|
0-0: Called Strike 0-1: Ball 1-1: Foul Ball, location: 2F 1-2: Foul Ball, location: 2F 1-2: DOUBLE (Line Drive, 34) Benjamin Lawson scores Lee Townsend scores
|
Batting: LHB José Rivera
|
0-0: Ground out 4-3 (Groundball, 4)
|
Top of the 8th over - 2 run(s), 2 hit(s), 0 error(s), 1 left on base; Salem 6 - Jasper 4 |
BOTTOM OF THE 8TH |
Jasper Cougars batting - Pitching for Salem Sledgehammers : RHP Roberto Moreno
|
Now in CF: Benjamin Lawson
|
|
Batting: RHB Manuel Pérez
|
0-0: Foul Ball, location: 2F 0-1: SINGLE (Line Drive, 78M)
|
Pitching: RHP Takechi Sayuki
|
|
Batting: RHB Earl Wiggins
|
0-0: Swinging Strike 0-1: Ball 1-1: Ground out 5-3 (Groundball, 56S) Manuel Pérez to second
|
Batting: RHB Jesús Hernández
|
0-0: Swinging Strike 0-1: Foul Ball, location: 2F 0-2: Foul Ball, location: 2F 0-2: Ball 1-2: Strikes out looking
|
Batting: SHB Ron Edwards
|
0-0: Foul Ball, location: 2F 0-1: Foul Ball, location: 2F 0-2: Ball 1-2: Ball 2-2: Fly out, F8 (Flyball, 8LM)
|
Bottom of the 8th over - 0 run(s), 1 hit(s), 0 error(s), 1 left on base; Salem 6 - Jasper 4 |
TOP OF THE 9TH |
Salem Sledgehammers batting - Pitching for Jasper Cougars : RHP Aaron Green
|
Batting: RHB Brandon Pope
|
0-0: Ball 1-0: Called Strike 1-1: Swinging Strike 1-2: Ball 2-2: Foul Ball, location: 2F 2-2: Strikes out swinging
|
Batting: LHB Brent Alonzo
|
0-0: SINGLE (Flyball, 78S)
|
Batting: SHB Pepe Piña
|
0-0: Ball 1-0: Called Strike 1-1: Ball 2-1: Foul Ball, location: 2F 2-2: Strikes out swinging
|
Batting: RHB Benjamin Lawson
|
0-0: Called Strike 0-1: Ball 1-1: Ball 2-1: Foul Ball, location: 2F 2-2: Foul Ball, location: 2F 2-2: Fly out, F9 (Flyball, 9M)
|
Top of the 9th over - 0 run(s), 1 hit(s), 0 error(s), 1 left on base; Salem 6 - Jasper 4 |
BOTTOM OF THE 9TH |
Jasper Cougars batting - Pitching for Salem Sledgehammers : RHP Takechi Sayuki
|
Pitching: RHP Omar Camacho
|
|
Batting: RHB Dave Parker
|
0-0: Fly out, F8 (Flyball, 8RXD)
|
Batting: RHB Dan Hooper
|
0-0: Ball 1-0: Ball 2-0: Called Strike 2-1: Foul Ball, location: 2F 2-2: Strikes out swinging
|
Batting: RHB Juan Vázquez
|
0-0: Ball 1-0: Ground out 5-3 (Groundball, 5)
|
Bottom of the 9th over - 0 run(s), 0 hit(s), 0 error(s), 0 left on base; Salem 6 - Jasper 4 |
|